Map: Acid Plant LE

Players

Geralt (Gerald)

  • Race: Protoss Protoss
  • League: Grandmaster
  • Spawn Location: 11:00

Patience - Winner!

  • Race: Protoss Protoss
  • Spawn Location: 5:00

Event: HomeStory Cup XVII

VOD

Have the link to the VOD?

Description

Time

  • Played on: June 29, 2018, 1:24 p.m.
  • Length: 8:40

All games in this series

Show
View Real Time Build Order
Export as new Build Order

Geralt Protoss 

Build Orders:  

Get SALT Encoding   

  12  0:00  Probe  
  13  0:12  Probe  
  14  0:17  Pylon  
  14  0:23  Probe  
  15  0:31  Probe  
  16  0:37  Gateway  
  16  0:39  Probe  
  16  0:46  Assimilator  
  17  0:50  Probe  
  17  0:54  Assimilator  
  18  0:58  Probe  
  19  1:07  Probe  
  20  1:14  Gateway  
  20  1:17  Probe  
  20  1:23  Cybernetics Core  
  21  1:29  Probe  
  22  1:33  Pylon  
  22  1:42  Probe  
  23  1:50  Warp Gate  
  23  1:54  Probe  
  24  2:01  Adept x2  
  29  2:09  Pylon  
  29  2:12  Probe  
  29  2:17  Pylon  
  29  2:23  Gateway  
  33  2:40  Stalker x2  
  32  2:48  Gateway  
  32  3:00  Shield Battery  
  32  3:12  Stalker, Pylon  
  36  3:41  Probe  
  33  3:56  Stalker  
  33  3:57  Stalker x2  
  40  4:10  Stalker, Robotics Facility  
  39  4:23  Adept  
  39  4:24  Stalker x2  
  45  4:33  Stalker  
  47  4:58  Sentry, Pylon  
  47  4:59  Observer  
  45  5:09  Stalker  
  47  5:16  Adept x2  
  51  5:23  Immortal  
  52  5:37  Adept x2  
  48  6:07  Nexus  
  48  6:13  Immortal  
  48  6:18  Probe  
  53  6:29  Pylon  
  51  6:47  Probe, Pylon  
  50  6:50  Sentry x2  
  54  6:57  Warp Prism  
  54  6:59  Probe  
  57  7:13  Stalker  
  57  7:14  Stalker  
  61  7:20  Probe  
  62  7:26  Adept  
  64  7:33  Sentry  
  64  7:35  Probe  
  64  7:36  Probe  
  68  7:51  Stalker x2  
  67  8:04  Stalker  
  67  8:05  Stalker  
  51  8:17  Zealot x2  
  28  8:35  Zealot x2  
Show
View Real Time Build Order
Export as new Build Order

Patience Protoss - Winner!

Build Orders: Zealot Archon, Dark Templar Rush 

Get SALT Encoding   

  12  0:00  Probe  
  13  0:13  Probe  
  14  0:17  Pylon  
  14  0:25  Probe  
  15  0:33  Probe  
  15  0:35  Gateway  
  15  0:42  Probe  
  16  0:43  Assimilator  
  17  0:52  Assimilator  
  17  0:53  Probe  
  18  1:02  Probe  
  18  1:09  Gateway  
  18  1:10  Probe  
  20  1:24  Cybernetics Core  
  20  1:25  Probe  
  21  1:32  Pylon  
  21  1:37  Probe  
  22  1:49  Probe  
  22  1:50  Warp Gate  
  23  2:00  Adept, Sentry  
  28  2:01  Probe  
  28  2:12  Pylon  
  28  2:13  Probe  
  29  2:29  Stalker  
  31  2:30  Stalker  
  33  2:41  Twilight Council  
  33  3:08  Probe  
  34  3:15  Shield Battery  
  34  3:19  Nexus  
  34  3:23  Dark Shrine  
  32  3:34  Pylon  
  32  3:36  Shield Battery  
  32  3:45  Robotics Facility  
  31  4:01  Sentry, Stalker  
  35  4:06  Shield Battery  
  35  4:09  Shield Battery  
  35  4:10  Pylon  
  35  4:34  Dark Templar  
  35  4:35  Dark Templar  
  39  4:40  Immortal  
  39  4:43  Gateway  
  43  4:55  Probe  
  43  4:58  Pylon  
  44  5:07  Probe  
  44  5:15  Immortal  
  46  5:39  Pylon  
  46  5:44  Nexus  
  46  5:45  Sentry  
  46  5:48  Sentry  
  50  5:55  Warp Prism  
  49  6:15  Pylon  
  49  6:23  Adept  
  49  6:24  Adept x2  
  55  6:52  Dark Templar, Stalker x2  
  55  6:53  Observer  
  61  6:58  Probe x2  
  61  6:59  Archon  
  64  7:10  Probe  
  64  7:15  Probe  
  66  7:18  Adept x2  
  66  7:22  Probe  
  69  7:33  Sentry  
  69  7:37  Probe  
  69  7:40  Adept x2  
  69  7:42  Immortal  
  78  8:03  Adept x2  
  74  8:07  Adept  
  74  8:11  Probe  
  59  8:27  Stalker x2  
Tags
 
Add a new tag
Caveats
  • Supply blocks, unpowered buildings, or Contaminate may cause inaccurate times.
  • Supply counts are checked every 10 seconds.